[Event "I Festival Internacional de Ajedrez Juan"]
[Site "Círculo Industrial y Mercantil"]
[Date "2014.12.26"]
[Round "1.1"]
[White "Lara Lopez, Sergio"]
[Black "Gazquez Corral, Alba"]
[Result "1-0"]
[ECO "A00"]
[WhiteElo "2184"]
[BlackElo "1548"]
[Annotator "user"]
[PlyCount "63"]
[EventDate "2014.12.26"]
[TimeControl "4200+495"]
[WhiteClock "0:34:38"]
[BlackClock "0:13:46"]

1. e4 e5 2. Nf3 Nc6 3. Bc4 Bc5 4. c3 Nf6 5. d3 O-O 6. Bb3 d6 7. h3 Bb6 8. Nbd2
d5 9. Qe2 Re8 10. Nf1 h6 11. g4 dxe4 12. dxe4 Qd6 13. Ng3 Na5 14. g5 hxg5 15.
Bxg5 Nxb3 16. axb3 Nh7 17. Rd1 Qe6 18. c4 Nxg5 19. Nxg5 Qf6 20. Nf3 Qe7 21. Nh5
Bd7 22. Rd5 Qb4+ 23. Kf1 Bc6 24. Rg1 Bxd5 25. Rxg7+ Kf8 26. exd5 Bd4 27. Ng5
Ke7 28. Rxf7+ Kd8 29. Qg4 Qd6 30. Ne6+ Rxe6 31. dxe6 Bc5 32. Qg8+ 1-0

[Event "I Festival Internacional de Ajedrez Juan"]
[Site "Círculo Industrial y Mercantil"]
[Date "2014.12.26"]
[Round "2.1"]
[White "Cano Rivera, Miguel Angel"]
[Black "Lara Lopez, Sergio"]
[Result "0-1"]
[ECO "A00"]
[WhiteElo "1811"]
[BlackElo "2184"]
[PlyCount "92"]
[EventDate "2014.12.26"]
[TimeControl "4200+515"]
[WhiteClock "0:08:42"]
[BlackClock "0:22:11"]

1. e4 e5 2. Nf3 d6 3. d4 Nd7 4. dxe5 dxe5 5. Bc4 c6 6. O-O Be7 7. Qe2 Ngf6 8.
h3 O-O 9. a3 Qc7 10. Nc3 b5 11. Ba2 a5 12. Re1 Nc5 13. Bg5 h6 14. Bh4 Nh5 15.
Nxe5 Nf4 16. Qe3 Qxe5 17. Bxe7 Nxh3+ 18. gxh3 Qxe7 19. Kh2 Be6 20. Bxe6 Nxe6
21. Rg1 Qf6 22. Rg4 Nd4 23. Qg3 b4 24. e5 Nf3+ 25. Kh1 Nxe5 26. Rf4 Qg6 27.
axb4 Qxg3 28. fxg3 axb4 29. Rxa8 Rxa8 30. Rxb4 Ra1+ 31. Kg2 Rc1 32. Re4 Rxc2+
33. Re2 Rxe2+ 34. Nxe2 Kf8 35. Kf2 Nd3+ 36. Ke3 Nxb2 37. Kd4 Ke7 38. Nc3 Ke6
39. Kc5 Nd3+ 40. Kxc6 Nf2 41. h4 Kf5 42. Kd7 Ne4 43. Ne2 Kg4 44. Ke7 Nxg3 45.
Kxf7 Nxe2 46. Kxg7 h5 0-1

[Event "I Festival Internacional de Ajedrez Juan"]
[Site "Círculo Industrial y Mercantil"]
[Date "2014.12.27"]
[Round "3.1"]
[White "Lara Lopez, Sergio"]
[Black "Pastor Jimenez, Daniel"]
[Result "1/2-1/2"]
[ECO "A00"]
[WhiteElo "2184"]
[BlackElo "2003"]
[PlyCount "145"]
[EventDate "2014.12.26"]
[TimeControl "4200+635"]
[WhiteClock "0:10:58"]
[BlackClock "0:02:02"]

1. e4 c5 2. Nc3 Nc6 3. g3 g6 4. Bg2 Bg7 5. d3 d6 6. Be3 Nd4 7. Qd2 Qa5 8. f4
Rb8 9. Nf3 Bh3 10. O-O Bxg2 11. Kxg2 e6 12. a3 Ne7 13. g4 h5 14. g5 Nxf3 15.
Rxf3 O-O 16. d4 Nc6 17. dxc5 dxc5 18. e5 Rbd8 19. Qf2 Nd4 20. Bxd4 Rxd4 21. Re1
Qb6 22. b3 Qc6 23. Qe3 Rfd8 24. Ne4 Bf8 25. Re2 Be7 26. Kh3 b6 27. Rg3 R8d7 28.
Qf3 Kf8 29. Qe3 Ke8 30. Qf3 Kd8 31. a4 Rd1 32. Nc3 Qxf3 33. Rxf3 R1d2 34. Rff2
Rxe2 35. Rxe2 c4 36. bxc4 Bb4 37. Ne4 Rd4 38. c3 Rd3+ 39. Kg2 Bxc3 40. Nd6 Ke7
41. Nc8+ Ke8 42. Nxa7 Bd4 43. Nb5 Bc5 44. Rb2 h4 45. Nd6+ Kf8 46. a5 h3+ 47.
Kf1 Rd1+ 48. Ke2 Rg1 49. Kf3 Rg2 50. Rb5 Rxh2 51. Kg3 Ra2 52. axb6 h2 53. b7
Bxd6 54. b8=Q+ Bxb8 55. Rxb8+ Ke7 56. Rh8 Rc2 57. Rxh2 Rxc4 58. Ra2 Rc7 59. Kf3
Rc4 60. Ke3 Rb4 61. Ra7+ Kf8 62. Rd7 Ke8 63. Rd4 Rb1 64. Ra4 Rf1 65. Ke4 Ke7
66. Ra7+ Ke8 67. Rc7 Re1+ 68. Kd3 Rf1 69. Rc4 Kd7 70. Rd4+ Ke7 71. Kc4 Rf2 72.
Kc5 Rf1 73. Rc4 1/2-1/2

[Event "I Festival Internacional de Ajedrez Juan"]
[Site "Círculo Industrial y Mercantil"]
[Date "2014.12.27"]
[Round "4.1"]
[White "Diaz Castro, Ismael"]
[Black "Hernandez Muñoz, Antonio Ramon"]
[Result "0-1"]
[ECO "A00"]
[WhiteElo "1969"]
[BlackElo "2151"]
[PlyCount "96"]
[EventDate "2014.12.26"]
[TimeControl "4200+1230"]
[WhiteClock "0:01:06"]
[BlackClock "0:03:06"]

1. e4 c5 2. Nf3 d6 3. g3 Nf6 4. d3 Nc6 5. Bg2 g6 6. O-O Bg7 7. c3 O-O 8. Re1 e5
9. a3 Re8 10. b4 d5 11. Qc2 dxe4 12. dxe4 Be6 13. Ng5 Bc4 14. Rd1 Qe7 15. Nd2
Be2 16. Re1 Ba6 17. Qb1 b5 18. Nb3 Nd7 19. Bh3 Ncb8 20. Be3 c4 21. Na5 Bc8 22.
Qd1 Nb6 23. Bg2 Rd8 24. Qc2 Bf6 25. h4 Qc7 26. Rad1 N8d7 27. f4 Re8 28. Nf3 Ba6
29. Rd2 Rad8 30. Red1 Bc8 31. Rd6 Be7 32. fxe5 Nxe5 33. Rxd8 Nxf3+ 34. Kf2 Bxd8
35. Bxf3 Bxh4 36. gxh4 Qh2+ 37. Bg2 Bh3 38. Kf3 Nd7 39. Nc6 Rxe4 40. Rxd7 Bxg2+
41. Qxg2 Rxe3+ 42. Kxe3 Qxg2 43. Ne5 Qh3+ 44. Kd4 f6 45. Rd8+ Kg7 46. Rd7+ Kh6
47. Nf7+ Kh5 48. Rxa7 Qd3+ 0-1

[Event "I Festival Internacional de Ajedrez Juan"]
[Site "Círculo Industrial y Mercantil"]
[Date "2014.12.27"]
[Round "4.2"]
[White "Chacon Perez, Juan"]
[Black "Rubio Tapia, Jose Juan"]
[Result "1/2-1/2"]
[ECO "A00"]
[WhiteElo "1953"]
[BlackElo "2071"]
[PlyCount "92"]
[EventDate "2014.12.26"]
[TimeControl "4200+750"]
[WhiteClock "0:07:35"]
[BlackClock "0:02:08"]

1. e4 c5 2. Nf3 d6 3. d4 cxd4 4. Nxd4 Nf6 5. Nc3 g6 6. Be3 Bg7 7. f3 O-O 8. Qd2
Nc6 9. Bc4 Bd7 10. O-O-O Rc8 11. Bb3 Ne5 12. Kb1 Nc4 13. Bxc4 Rxc4 14. g4 b5
15. b3 Rc8 16. Ndxb5 Qa5 17. a4 Nxg4 18. Nd5 Qxd2 19. Nxe7+ Kh8 20. Bxd2 Rce8
21. fxg4 Rxe7 22. Nxd6 Bxg4 23. Rde1 Rd7 24. e5 f6 25. exf6 Bxf6 26. Bb4 Be7
27. Rxe7 Rxe7 28. Nb5 Rff7 29. Bxe7 Rxe7 30. Nc3 Kg7 31. Rg1 Bf5 32. Rg2 h5 33.
Kb2 h4 34. b4 Re1 35. Re2 Rxe2 36. Nxe2 g5 37. Kc1 Kf6 38. Kd2 Ke5 39. c3 Ke4
40. a5 a6 41. c4 Be6 42. b5 g4 43. bxa6 Bc8 44. a7 Bb7 45. a6 Ba8 46. c5 Ke5
1/2-1/2

[Event "I Festival Internacional de Ajedrez Juan"]
[Site "Círculo Industrial y Mercantil"]
[Date "2014.12.27"]
[Round "5.2"]
[White "Lara Lopez, Sergio"]
[Black "Ramos Suria, Felix"]
[Result "1-0"]
[ECO "A00"]
[WhiteElo "2184"]
[BlackElo "2056"]
[PlyCount "89"]
[EventDate "2014.12.26"]
[TimeControl "4200+890"]
[WhiteClock "0:31:36"]
[BlackClock "0:03:50"]

1. e4 c5 2. Nc3 Nc6 3. g3 g6 4. Bg2 Bg7 5. d3 d6 6. h3 e6 7. Be3 Nge7 8. Qd2
Qa5 9. Nge2 Nd4 10. Nc1 Nec6 11. O-O O-O 12. Nb3 Qc7 13. f4 f5 14. Bxd4 Nxd4
15. Rae1 Rb8 16. Nxd4 Bxd4+ 17. Kh2 b5 18. Nd1 b4 19. g4 Bd7 20. Kh1 Rbe8 21.
e5 c4 22. c3 bxc3 23. bxc3 Bb6 24. exd6 Qxd6 25. d4 Bc6 26. Ne3 Bxg2+ 27. Qxg2
fxg4 28. Nxg4 Kg7 29. Ne5 Qd5 30. Rb1 Kg8 31. a4 Bc7 32. Rb5 Qxg2+ 33. Kxg2
Bxe5 34. fxe5 Rf5 35. Rxf5 gxf5 36. Rb7 a5 37. Rc7 Rb8 38. Rxc4 Rb2+ 39. Kg3
Ra2 40. Kh4 Kg7 41. Rc7+ Kg6 42. Re7 Rxa4 43. Rxe6+ Kg7 44. Rc6 Ra1 45. Kg5 1-0

[Event "I Festival Internacional de Ajedrez Juan"]
[Site "Círculo Industrial y Mercantil"]
[Date "2014.12.27"]
[Round "5.3"]
[White "Silva Lucena, Cristian"]
[Black "Chacon Perez, Juan"]
[Result "1/2-1/2"]
[ECO "A00"]
[WhiteElo "2136"]
[BlackElo "1953"]
[Annotator "user"]
[PlyCount "70"]
[EventDate "2014.12.26"]
[TimeControl "4200+225"]
[WhiteClock "0:56:04"]
[BlackClock "0:51:17"]

1. e4 c5 2. c4 Nc6 3. g3 g6 4. Bg2 Bg7 5. Ne2 e6 6. Nbc3 Nge7 7. O-O O-O 8. d3
a6 9. Be3 d6 10. f4 Nd4 11. Bf2 Nec6 12. Nxd4 Nxd4 13. Ne2 Nxe2+ 14. Qxe2 Rb8
15. e5 Qc7 16. Rae1 b6 17. g4 Bb7 18. d4 Bxg2 19. Kxg2 cxd4 20. Bxd4 dxe5 21.
fxe5 Rbd8 22. Rd1 Qc6+ 23. Kg1 Rd7 24. b3 Rfd8 25. Bb2 Qc5+ 26. Kg2 Rxd1 27.
Rxd1 Rxd1 28. Qxd1 Bxe5 29. Qd8+ Kg7 30. Bxe5+ Qxe5 31. Qxb6 Qe4+ 32. Kg3 Qd3+
33. Kf2 Qd2+ 34. Kf3 Qd1+ 35. Kf4 g5+ 1/2-1/2

[Event "I Festival Internacional de Ajedrez Juan"]
[Site "Círculo Industrial y Mercantil"]
[Date "2014.12.28"]
[Round "6.1"]
[White "Lara Lopez, Sergio"]
[Black "Hernandez Muñoz, Antonio Ramon"]
[Result "0-1"]
[ECO "A00"]
[WhiteElo "2184"]
[BlackElo "2151"]
[PlyCount "90"]
[EventDate "2014.12.26"]
[TimeControl "4200+505"]
[WhiteClock "0:11:18"]
[BlackClock "0:09:37"]

1. e4 c5 2. Nc3 a6 3. g3 b5 4. Bg2 Bb7 5. d3 e6 6. Nh3 b4 7. Ne2 d5 8. exd5
Bxd5 9. Nhf4 Bxg2 10. Nxg2 Nc6 11. O-O Nf6 12. Be3 Be7 13. f4 Qd7 14. Qe1 O-O
15. h3 Nd5 16. Qf2 Nxe3 17. Qxe3 Rac8 18. c3 Rfd8 19. Rad1 Qd5 20. c4 Qd7 21.
f5 Bf6 22. fxe6 Qxe6 23. Qxe6 fxe6 24. b3 Rd6 25. Nef4 Rcd8 26. Rde1 Ne5 27.
Re4 Nxd3 28. Nxe6 R8d7 29. Ne3 Re7 30. Rxf6 gxf6 31. Nxc5 Rxe4 32. Nxe4 Re6 33.
Nd5 Kf7 34. Nf2 Re1+ 35. Kg2 Re2 36. Kf3 Rxf2+ 37. Ke3 Rxa2 38. Kxd3 Rb2 39. c5
Rxb3+ 40. Kc4 Rxg3 41. c6 Ke6 42. Kc5 b3 43. c7 Kd7 44. Kb6 b2 45. Kb7 Rb3+ 0-1

[Event "I Festival Internacional de Ajedrez Juan"]
[Site "Círculo Industrial y Mercantil"]
[Date "2014.12.28"]
[Round "6.2"]
[White "Balbuena Fuentes, Mario"]
[Black "Silva Lucena, Cristian"]
[Result "1-0"]
[ECO "A00"]
[WhiteElo "2015"]
[BlackElo "2136"]
[PlyCount "83"]
[EventDate "2014.12.26"]
[TimeControl "3600+615"]
[WhiteClock "0:13:21"]
[BlackClock "0:19:57"]

1. e4 c5 2. Nf3 e6 3. g3 Nc6 4. Bg2 d5 5. exd5 exd5 6. O-O Be7 7. d4 Bg4 8.
dxc5 Bxc5 9. Qe1+ Be7 10. Ne5 Be6 11. c4 Nb4 12. Qe2 Qd6 13. Nc3 Qa6 14. a3 d4
15. Nb5 Rc8 16. axb4 Qxa1 17. Bxb7 Kf8 18. Nxd4 Rc7 19. Nxe6+ fxe6 20. Bf4 Qa4
21. Ng6+ hxg6 22. Bxc7 Qd7 23. Qf3+ Nf6 24. Be5 Rh5 25. Bc3 Kf7 26. Qc6 Qd3 27.
Re1 Qd6 28. Qxd6 Bxd6 29. Bc8 e5 30. c5 Bc7 31. Bb7 Rh8 32. Bxe5 Re8 33. Bc3
Rd8 34. Bf3 g5 35. Rd1 Rb8 36. Bd5+ Kg6 37. Bc6 Rf8 38. Bxf6 gxf6 39. Rd7 Be5
40. Rxa7 Bxb2 41. Bf3 Rb8 42. Rb7 1-0

[Event "I Festival Internacional de Ajedrez Juan"]
[Site "Círculo Industrial y Mercantil"]
[Date "2014.12.28"]
[Round "7.2"]
[White "Bernabeu Lopez, Carlos Javier"]
[Black "Ortiz Aviles, Javier"]
[Result "1/2-1/2"]
[ECO "A00"]
[WhiteElo "2125"]
[BlackElo "2061"]
[PlyCount "140"]
[EventDate "2014.12.26"]
[TimeControl "4200+970"]
[WhiteClock "0:51:48"]
[BlackClock "0:09:01"]

1. e4 c6 2. Nc3 d5 3. Qf3 dxe4 4. Nxe4 Nd7 5. d4 Ndf6 6. c3 Nxe4 7. Qxe4 Nf6 8.
Qc2 Qd5 9. Nf3 Bf5 10. Bd3 Bxd3 11. Qxd3 Qe4+ 12. Qxe4 Nxe4 13. Bf4 e6 14. Nd2
Nxd2 15. Kxd2 O-O-O 16. Kc2 Bd6 17. Bxd6 Rxd6 18. Rhe1 Rhd8 19. Re5 Rd5 20.
Rae1 Rxe5 21. Rxe5 Rd5 22. f4 Rxe5 23. fxe5 Kd7 24. Kd3 Kc7 25. Ke4 Kd7 26. h4
Ke7 27. g4 Kd7 28. c4 b6 29. b4 a6 30. a4 a5 31. c5 bxc5 32. bxa5 Kc7 33. Kd3
Kb7 34. Kc4 cxd4 35. Kxd4 Ka6 36. Kc5 f6 37. exf6 gxf6 38. g5 fxg5 39. hxg5 e5
40. Kb4 e4 41. Kc4 e3 42. Kd3 e2 43. Kxe2 Kxa5 44. Kd3 Kb4 45. Kd4 c5+ 46. Kd3
c4+ 47. Kc2 Kxa4 48. Kc3 Kb5 49. Kc2 Kb4 50. Kb2 Kb5 51. Kc3 Kc5 52. Kc2 Kd4
53. Kd2 Kd5 54. Kc3 Kc5 55. Kc2 Kb4 56. Kb2 c3+ 57. Kc2 Kc4 58. Kc1 Kd3 59. Kd1
Kc4 60. Kc2 Kd4 61. Kc1 Ke4 62. Kc2 Kf5 63. Kxc3 Kxg5 64. Kd3 Kh4 65. Ke2 Kg3
66. Kf1 h5 67. Kg1 h4 68. Kh1 h3 69. Kg1 h2+ 70. Kh1 Kh3 1/2-1/2